Map: Fields of Death

Players

hazord

  • Race: Terran Terran
  • Spawn Location: 6:00

DUB

  • Race: Terran Terran
  • League: Gold
  • Spawn Location: 7:00

MattBarry - Winner!

  • Race: Terran Terran
  • Spawn Location: 12:00

MattBarry - Winner!

  • Race: Zerg Zerg
  • Spawn Location: 12:00

VOD

Have the link to the VOD?

Description

Time

  • Played on: Dec. 21, 2022, 2:30 a.m.
  • Length: 15:03
Show
View Real Time Build Order
Export as new Build Order

hazord Terran 

Build Orders:  

Get SALT Encoding   

  12  0:00  SCV  
  13  0:19  Supply Depot, SCV  
  14  0:27  Refinery  
  14  0:33  SCV  
  15  0:45  Barracks  
  15  0:51  SCV  
  15  0:55  Refinery  
  16  1:09  SCV  
  18  1:28  SCV  
  18  1:36  Factory  
  18  1:39  Marine  
  19  1:46  SCV  
  20  1:56  Marine  
  20  1:58  SCV  
  20  1:59  Engineering Bay  
  22  2:08  Supply Depot  
  22  2:15  Orbital Command  
  22  2:18  Marine  
  22  2:21  Factory Tech Lab  
  23  2:57  Command Center  
  23  3:07  SCV  
  24  3:13  Marine  
  25  3:20  Siege Tank  
  25  3:25  SCV  
  29  3:31  Marine  
  30  3:37  SCV  
  31  3:56  Supply Depot  
  31  4:01  Starport  
  31  4:08  Missile Turret, SCV  
  32  4:19  Supply Depot  
  32  4:20  SCV  
  33  4:29  Missile Turret, Siege Tank  
  36  4:52  Missile Turret  
  36  4:59  Missile Turret, Marine  
  37  5:06  Starport Tech Lab  
  37  5:11  Fusion Core  
  37  5:15  Missile Turret  
  37  5:16  SCV  
  37  5:17  Marine  
  39  5:24  Starport  
  39  5:28  SCV  
  40  5:29  Orbital Command  
  40  5:33  Refinery  
  40  5:45  Armory  
  40  5:52  Armory  
  40  5:54  SCV  
  41  6:00  SCV  
  42  6:06  Starport Tech Lab  
  42  6:12  SCV  
  42  6:17  Battlecruiser  
  49  6:24  SCV  
  50  6:29  Missile Turret  
  50  6:34  Thor  
  50  6:36  SCV  
  57  6:43  Supply Depot  
  57  6:48  SCV  
  57  6:49  Missile Turret  
  58  6:58  Refinery  
  58  7:01  SCV  
  59  7:05  Supply Depot  
  59  7:09  Missile Turret  
  59  7:12  Battlecruiser  
  59  7:13  SCV, Terran Ship Weapons Level 1  
  66  7:16  Terran Vehicle And Ship Armor Level 1  
  66  7:25  SCV  
  67  7:37  SCV  
  68  7:49  SCV  
  69  7:57  Missile Turret  
  69  7:58  Missile Turret  
  69  8:01  SCV  
  70  8:13  SCV  
  66  8:24  SCV  
  66  8:25  SCV  
  67  8:37  SCV x2  
  67  8:40  Supply Depot  
  69  8:45  Battlecruiser  
  75  8:49  SCV  
  75  8:50  Battlecruiser  
  82  8:57  SCV  
  82  9:01  SCV  
  84  9:03  Supply Depot  
  84  9:09  SCV  
  85  9:13  SCV  
  86  9:25  SCV  
  86  9:26  Command Center  
  87  9:42  Siege Tank  
  90  9:51  Battlecruiser  
  96  9:55  Battlecruiser  
  96  9:57  Terran Ship Weapons Level 2  
  102  10:05  Terran Vehicle And Ship Armor Level 2  
  102  10:14  Siege Tank  
  105  10:29  Weapon Refit  
  69  12:56  Battlecruiser x2  
  81  13:17  Starport  
  78  13:57  SCV  
  78  13:59  Starport Tech Lab  
  74  14:09  SCV  
  67  14:21  SCV  
  56  14:33  SCV  
Show
View Real Time Build Order
Export as new Build Order

DUB Terran 

Build Orders:  

Get SALT Encoding   

  12  0:00  SCV  
  13  0:14  Supply Depot  
  13  0:24  SCV  
  14  0:38  Barracks  
  14  0:44  SCV  
  15  0:54  Refinery  
  15  0:56  SCV  
  16  1:08  SCV  
  17  1:16  Refinery  
  17  1:20  SCV  
  18  1:29  Barracks  
  18  1:30  Marine  
  18  1:32  SCV  
  20  1:44  SCV  
  21  1:53  Supply Depot  
  21  1:54  Supply Depot  
  21  1:56  SCV  
  22  2:04  Barracks  
  22  2:08  SCV  
  23  2:17  Marine  
  23  2:21  Orbital Command  
  24  2:35  Factory  
  24  3:06  Command Center  
  24  3:07  SCV  
  25  3:13  Barracks Reactor  
  25  3:14  Barracks Tech Lab  
  25  3:17  Marine  
  26  3:23  Factory Tech Lab  
  26  3:31  SCV  
  27  3:43  SCV  
  27  3:44  Marine x2  
  30  3:49  Marine  
  30  3:51  Marine  
  32  3:59  Siege Tank  
  32  4:02  Marine  
  36  4:03  Marauder  
  36  4:08  Supply Depot  
  38  4:14  Engineering Bay  
  38  4:15  SCV  
  39  4:22  Marine x2  
  41  4:48  Terran Infantry Weapons Level 1  
  41  4:50  Supply Depot  
  41  5:00  Starport  
  41  5:02  Supply Depot  
  41  5:07  Marine x3  
  41  5:10  Marauder  
  46  5:26  Supply Depot  
  46  5:27  Missile Turret  
  46  5:33  Missile Turret  
  46  5:42  Missile Turret  
  46  5:49  Medivac  
  48  5:56  Cyclone  
  51  5:59  Marine  
  52  6:05  Missile Turret  
  52  6:07  Orbital Command  
  52  6:12  SCV  
  53  6:24  Marine, SCV  
  53  6:25  Marine  
  56  6:26  Marine  
  56  6:28  Marauder  
  56  6:29  Siege Tank  
  62  6:42  Terran Infantry Armor Level 1  
  62  7:10  Medivac  
  62  7:13  Siege Tank  
  67  7:17  Marine x4  
  71  7:26  Supply Depot  
  71  7:29  Supply Depot x2  
  71  7:34  Supply Depot, Marine  
  71  7:35  Marine x3  
  75  7:40  Medivac  
  77  7:45  Widow Mine  
  79  7:52  Marine x2  
  79  7:53  Marine x2  
  83  8:10  Marine x3  
  83  8:11  Marine  
  85  8:46  Widow Mine  
  80  8:48  Starport Reactor  
  80  8:54  Starport, Marine x3  
  80  8:55  Marine  
  84  9:07  Widow Mine  
  86  9:12  Marine x4  
  90  9:20  Combat Shield  
  90  9:24  Medivac x2  
  90  9:28  Widow Mine  
  90  9:30  Marine x4  
  100  9:32  Armory, SCV  
  100  9:36  Refinery  
  100  9:38  Refinery  
  101  9:45  SCV  
  102  9:48  Marine x4  
  102  9:50  Widow Mine  
  108  9:54  Medivac x2  
  108  9:57  SCV  
  113  10:05  Marine x2  
  113  10:06  Marine x2  
  117  10:09  SCV  
  117  10:11  Widow Mine  
  120  10:21  SCV  
  121  10:24  Medivac  
  123  10:39  Stimpack  
  73  11:51  Marine x3  
  73  11:52  Marine  
  77  11:56  Thor  
  77  11:58  Medivac x2  
  79  12:06  Barracks  
  79  12:09  Marine x4  
  79  12:10  Terran Vehicle And Ship Armor Level 1  
  83  12:20  Medivac  
  85  12:27  Marine x4  
  85  12:28  Medivac x2  
  93  12:45  Marine x4  
  93  12:50  Medivac  
  99  12:55  Barracks  
  99  12:58  Medivac x2  
  103  13:01  Marine  
  103  13:02  Marine  
  103  13:03  Marine x3  
  108  13:19  Marine  
  109  13:20  Marine x2, Medivac  
  109  13:21  Marine x2  
  115  13:28  Medivac x2  
  119  13:37  Marine  
  111  13:50  Medivac  
Show
View Real Time Build Order
Export as new Build Order

MattBarry Terran - Winner!

Build Orders: 2 Factory, Mech 

Get SALT Encoding   

  12  0:00  SCV  
  13  0:12  SCV  
  14  0:18  Supply Depot  
  14  0:25  SCV  
  15  0:40  SCV  
  15  0:42  Barracks  
  16  0:45  Refinery  
  16  0:52  SCV  
  17  1:04  SCV  
  18  1:16  SCV  
  19  1:28  Orbital Command  
  19  1:30  Marine  
  20  1:34  Supply Depot  
  20  1:48  Barracks Reactor  
  20  1:55  SCV  
  21  2:09  Factory  
  21  2:10  SCV  
  21  2:13  Command Center  
  21  2:15  Refinery  
  22  2:22  Supply Depot  
  22  2:23  SCV  
  22  2:24  Marine  
  24  2:35  SCV  
  25  2:50  SCV  
  26  2:56  Barracks Tech Lab  
  26  2:57  Factory  
  26  3:02  SCV  
  27  3:06  Hellion x2  
  31  3:14  SCV  
  32  3:29  Orbital Command  
  32  3:31  SCV  
  33  3:37  Hellion x2  
  37  3:43  SCV  
  37  3:44  Starport  
  38  3:49  Siege Tank  
  42  3:55  SCV x2  
  42  4:00  Hellion x2  
  47  4:07  SCV  
  47  4:08  SCV  
  49  4:12  Refinery  
  49  4:21  SCV x2, Siege Tank  
  54  4:30  Starport Reactor  
  52  4:33  Factory  
  52  4:36  Hellion  
  54  4:44  Supply Depot  
  54  4:45  Supply Depot  
  54  4:48  Refinery  
  54  4:50  Armory  
  54  5:06  Hellion x2, SCV, Siege Tank  
  54  5:07  SCV  
  63  5:18  SCV  
  63  5:19  SCV  
  65  5:24  Supply Depot  
  65  5:25  Supply Depot  
  65  5:30  SCV  
  65  5:31  SCV  
  67  5:37  Factory Tech Lab  
  67  5:42  Factory, SCV  
  68  5:46  Terran Vehicle Weapons Level 1  
  68  5:50  Command Center  
  68  6:04  Viking x2  
  68  6:06  SCV x2  
  74  6:15  Hellion x2  
  74  6:16  Siege Tank  
  74  6:18  SCV x2  
  83  6:22  Supply Depot  
  83  6:24  Supply Depot  
  83  6:26  Factory Tech Lab  
  83  6:30  SCV x2  
  85  6:42  SCV, Medivac  
  85  6:43  Hellion, Siege Tank, SCV, Medivac  
  94  6:54  SCV  
  94  6:55  SCV  
  94  6:57  Siege Tank  
  99  7:04  Infernal Pre-Igniter  
  99  7:08  SCV x2  
  101  7:20  SCV x2  
  103  7:23  Refinery  
  103  7:25  Orbital Command  
  103  7:31  Hellion x2  
  103  7:32  SCV x2, Hellion x2  
  113  7:43  Command Center  
  113  8:04  Hellion x2  
  115  8:14  Siege Tank  
  115  8:16  Siege Tank  
  113  8:22  Viking x2  
  113  8:25  Hellion  
  113  8:26  Hellion  
  110  8:46  Thor  
  117  8:48  SCV  
  117  8:54  Supply Depot x3, Thor, SCV x2  
  125  8:56  Supply Depot  
  125  8:58  Viking  
  125  8:59  Viking  
  125  9:00  Terran Vehicle Weapons Level 2, SCV  
  130  9:05  Armory  
  130  9:06  SCV  
  131  9:10  Orbital Command  
  131  9:17  Supply Depot  
  131  9:25  Refinery  
  131  9:28  Viking x2  
  131  9:31  Thor  
  135  9:34  Thor  
  147  9:40  Orbital Command  
  147  9:55  Terran Vehicle And Ship Armor Level 1  
  147  9:58  Viking x2  
  151  10:10  SCV x3  
  154  10:22  Thor x2  
  166  10:37  Thor  
  172  10:55  Factory  
  172  10:58  Factory  
  172  11:03  Supply Depot  
  172  11:05  Supply Depot x2  
  172  11:07  Refinery  
  172  11:09  Refinery  
  172  11:17  Viking, SCV x3  
  171  11:18  Viking  
  141  12:00  Thor x2  
  145  12:02  Hellion x2  
  145  12:08  Viking x2  
  147  13:05  Supply Depot  
  147  13:06  Supply Depot  
  147  13:08  Supply Depot  
  147  13:09  Supply Depot  
  147  13:18  Command Center  
  147  13:27  Thor  
  153  13:35  Thor  
  153  13:36  Thor  
  113  14:09  Thor  
  103  14:12  Viking  
  103  14:13  Viking  
  113  14:18  Thor  
  113  14:19  Thor  
Show
View Real Time Build Order
Export as new Build Order

MattBarry Zerg - Winner!

Build Orders: Pool First 

Get SALT Encoding   

  12  0:01  Drone  
  13  0:14  Overlord  
  13  0:17  Drone  
  14  0:34  Drone  
  15  0:53  Spawning Pool, Drone x3  
  17  1:15  Hatchery  
  16  1:21  Extractor  
  15  1:45  Drone  
  16  1:47  Drone  
  16  1:48  Drone  
  16  1:51  Queen  
  20  2:10  Drone  
  20  2:12  Drone  
  22  2:22  Metabolic Boost  
  22  2:26  Queen  
  22  2:27  Overlord  
  24  2:43  Zergling x4  
  26  2:45  Queen  
  26  2:48  Drone x2  
  30  3:02  Drone x2  
  30  3:04  Overlord  
  32  3:42  Drone x4  
  32  3:43  Drone  
  32  3:44  Drone, Overlord  
  38  3:49  Lair  
  38  4:05  Drone x3  
  41  4:15  Hatchery  
  40  4:21  Zergling x2  
  40  4:22  Zergling x8  
  45  5:07  Extractor  
  44  5:37  Hatchery  
  43  5:54  Spire  
  43  5:56  Roach Warren  
  41  5:59  Evolution Chamber  
  41  6:00  Evolution Chamber  
  39  6:11  Zergling x8  
  42  6:12  Zergling x2, Overlord x3  
  42  6:13  Drone x5  
  42  6:14  Drone  
  50  6:37  Glial Reconstitution  
  50  6:40  Zerg Missile Weapons Level 1  
  50  6:41  Zerg Ground Armor Level 1  
  50  6:45  Evolution Chamber  
  49  6:54  Queen  
  49  6:59  Overseer  
  51  7:20  Spore Crawler  
  51  7:21  Spore Crawler  
  49  7:25  Roach x6  
  61  7:33  Extractor  
  60  7:37  Extractor  
  60  7:38  Drone x3  
  53  8:17  Corruptor x2  
  53  8:19  Corruptor  
  59  8:30  Drone x3  
  59  8:51  Mutalisk  
  61  8:56  Zergling x16  
  61  8:57  Zergling x2  
  61  9:01  Spore Crawler  
  69  9:03  Spore Crawler  
  69  9:05  Spore Crawler, Overlord x3  
  67  9:18  Zerg Flyer Weapons Level 1  
  67  9:23  Zerg Melee Weapons Level 1  
  67  9:29  Drone x3  
  67  9:30  Drone  
  71  10:10  Roach x9  
  71  10:11  Roach x3  
  95  10:16  Queen  
  97  10:28  Drone  
  97  10:29  Drone x7  
  105  10:46  Extractor  
  105  10:48  Extractor  
  103  10:56  Roach x4, Overlord  
  103  10:57  Overlord x5  
  108  11:21  Corruptor x3, Overlord  
  108  11:22  Corruptor x2  
  117  11:37  Roach  
  117  11:38  Roach x3  
  103  11:50  Corruptor  
  103  12:15  Drone x3  
  106  12:30  Hatchery, Drone  
  106  12:31  Drone x4  
  106  12:32  Drone  
  99  13:51  Ravager x4  
  99  13:52  Ravager x5  
  91  14:28  Corruptor  
  91  14:29  Corruptor x12  
Tags
 
Composition
Mech
League
Gold
Replay Pack
Multiplayer
Add a new tag
Caveats
  • Supply blocks, unpowered buildings, or Contaminate may cause inaccurate times.
  • Supply counts are checked every 10 seconds.